HSSL
MOUNTAIN POINTE HS @ OLIVER AMES HS TIGERS
04/05/2029
 
TOP OF THE 1ST
Mountain Pointe HS batting - Pitching for Oliver Ames HS Tigers : RHP Will Jones
Pitching: RHP Will Jones
Batting: LHB Jesús Romero 0-0: Called Strike
0-1: SINGLE (Groundball, 34D)
Batting: RHB Vince Scovell 0-0: Swinging Strike
0-1: Swinging Strike
0-2: Ball
1-2: Foul Ball, location: 2F
1-2: Strikes out looking
Batting: LHB Jeff Turner 0-0: Ball
1-0: Foul Ball, location: 2F
1-1: Grounds into double play, 4-6-3 (Groundball, 4)
Top of the 1st over - 0 runs, 1 hit, 0 errors, 0 left on base; Mountain Pointe HS 0 - Oliver Ames HS 0
BOTTOM OF THE 1ST
Oliver Ames HS Tigers batting - Pitching for Mountain Pointe HS : LHP Mathew McLaughlin
Pitching: LHP Mathew McLaughlin
Batting: RHB Culley Turner 0-0: Foul Ball, location: 2F
0-1: Ball
1-1: Ground out 4-3 (Groundball, 4)
Batting: RHB Kenny Miller 0-0: Ball
1-0: Called Strike
1-1: Ball
2-1: Swinging Strike
2-2: Foul Ball, location: 2F
2-2: Strikes out swinging
Batting: LHB Kevin Carter 0-0: Called Strike
0-1: Foul Ball, location: 2F
0-2: Foul Ball, location: 2F
0-2: Ball
1-2: SOLO HOME RUN (Flyball, 9D), Distance : 397 ft
Batting: LHB William Moody 0-0: Called Strike
0-1: Ball
1-1: Foul Ball, location: 2F
1-2: Foul Ball, location: 2F
1-2: Ball
2-2: Foul Ball, location: 2F
2-2: SINGLE (Line Drive, 9S)
Batting: RHB Will Hinkle 0-0: Ground out 4-3 (Groundball, 34)
Bottom of the 1st over - 1 run, 2 hits, 0 errors, 1 left on base; Mountain Pointe HS 0 - Oliver Ames HS 1
TOP OF THE 2ND
Mountain Pointe HS batting - Pitching for Oliver Ames HS Tigers : RHP Will Jones
Batting: LHB Benny Lawson 0-0: Ball
1-0: Ground out 6-3 (Groundball, 6M)
Batting: RHB Matt Lehman 0-0: Called Strike
0-1: Ball
1-1: Ball
2-1: Foul Ball, location: 2F
2-2: Ball
3-2: Foul Ball, location: 2F
3-2: SINGLE (Line Drive, 8RS)
Batting: RHB Reggie Snyder 0-0: Ball
1-0: Ball
2-0: Ball
3-0: Called Strike
3-1: Base on Balls
Matt Lehman to second
Batting: SHB Zach Weaver 0-0: Called Strike
0-1: Ball
1-1: Ball
2-1: Foul Ball, location: 2F
2-2: Foul Ball, location: 2F
2-2: Foul Ball, location: 2F
2-2: SINGLE (Groundball, 6S) (infield hit)
Matt Lehman to third
Reggie Snyder to second
Batting: SHB Jerry Vaughn 0-0: Ball
1-0: Swinging Strike
1-1: Ball
2-1: Ball
Wild Pitch!
Matt Lehman scores
Reggie Snyder to third
Zach Weaver to second
3-1: Foul Ball, location: 2F
3-2: Base on Balls
Batting: RHB Bill Wells 0-0: Called Strike
0-1: Ball
1-1: Ball
2-1: Swinging Strike
2-2: Ball
3-2: Fly out, F8 (Flyball, 78M)
Batting: LHB Jesús Romero 0-0: Called Strike
0-1: Swinging Strike
0-2: Ball
1-2: Ball
2-2: Ball
3-2: Fly out, F7 (Flyball, 78M)
Top of the 2nd over - 1 run, 2 hits, 0 errors, 3 left on base; Mountain Pointe HS 1 - Oliver Ames HS 1
BOTTOM OF THE 2ND
Oliver Ames HS Tigers batting - Pitching for Mountain Pointe HS : LHP Mathew McLaughlin
Batting: RHB Marcos Llevanos 0-0: Called Strike
0-1: Swinging Strike
0-2: Foul Ball, location: 2F
0-2: DOUBLE (Groundball, 5L)
Batting: RHB Will Hernández 0-0: Called Strike
0-1: SINGLE (Groundball, 4D)
Marcos Llevanos to third
Batting: LHB Manny Martínez 0-0: Ball
1-0: Foul Ball, location: 2F
1-1: Ball
2-1: 3-RUN HOME RUN (Flyball, 9LD), Distance : 357 ft
Batting: LHB Brandon Napoleon 0-0: Foul Ball, location: 2F
0-1: Hit by Pitch
Batting: RHB Culley Turner 0-0: Ball
1-0: Reached on error, E5 (Groundball, 56)
Brandon Napoleon to second
Batting: RHB Kenny Miller 0-0: Foul Ball, location: 2F
0-1: Ball
1-1: Swinging Strike
1-2: Ball
2-2: SINGLE (Flyball, 8LS)
Brandon Napoleon to third
Culley Turner to second
Runner from 3rd tries for Home, SAFE, throw made home
Batting: LHB Kevin Carter 0-0: 3-RUN HOME RUN (Flyball, 9LD), Distance : 350 ft
Batting: LHB William Moody 0-0: Swinging Strike
0-1: Foul Ball, location: 2F
0-2: Ball
1-2: Fly out, F9 (Line Drive, 9)
Batting: RHB Will Hinkle 0-0: Called Strike
0-1: Fly out, F8 (Flyball, 8RD)
Batting: RHB Marcos Llevanos 0-0: Ball
1-0: Called Strike
1-1: Ball
2-1: Ground out 4-3 (Groundball, 4MS)
Bottom of the 2nd over - 7 runs, 5 hits, 1 error, 0 left on base; Mountain Pointe HS 1 - Oliver Ames HS 8
TOP OF THE 3RD
Mountain Pointe HS batting - Pitching for Oliver Ames HS Tigers : RHP Will Jones
Batting: RHB Vince Scovell 0-0: Ball
1-0: SINGLE (Line Drive, 78S)
Batting: LHB Jeff Turner 0-0: Foul Ball, location: 2F
0-1: Fly out, F9 (Flyball, 89D)
Batting: LHB Benny Lawson 0-0: Foul Ball, location: 2F
0-1: Called Strike
0-2: SINGLE (Flyball, 8LS)
Vince Scovell to second
Batting: RHB Matt Lehman 0-0: Called Strike
0-1: Ball
1-1: Swinging Strike
1-2: Foul Ball, location: 2F
1-2: Ball
2-2: 3-RUN HOME RUN (Flyball, 7LD), Distance : 355 ft
Batting: RHB Reggie Snyder 0-0: Called Strike
0-1: Ball
1-1: Called Strike
1-2: Ball
2-2: Foul Ball, location: 2F
2-2: Foul Ball, location: 2F
2-2: Foul Ball, location: 2F
2-2: Foul Ball, location: 2F
2-2: Ground out 4-3 (Groundball, 4)
Batting: SHB Zach Weaver 0-0: Foul Ball, location: 2F
0-1: Ball
1-1: Foul Ball, location: 2F
1-2: Ball
2-2: Foul Ball, location: 2F
2-2: Foul Ball, location: 2F
2-2: Ball
3-2: SOLO HOME RUN (Line Drive, 89XD), Distance : 415 ft
Batting: SHB Jerry Vaughn 0-0: Ball
1-0: Called Strike
1-1: Ground out 4-3 (Groundball, 34)
Top of the 3rd over - 4 runs, 4 hits, 0 errors, 0 left on base; Mountain Pointe HS 5 - Oliver Ames HS 8
BOTTOM OF THE 3RD
Oliver Ames HS Tigers batting - Pitching for Mountain Pointe HS : LHP Mathew McLaughlin
Batting: RHB Will Hernández 0-0: Called Strike
0-1: Ball
1-1: Foul Ball, location: 2F
1-2: Ball
2-2: SINGLE (Groundball, 56D)
Batting: LHB Manny Martínez 0-0: Ball
1-0: Foul Ball, location: 2F
1-1: Ball
2-1: Grounds into double play, 4-6-3 (Groundball, 4)
Batting: LHB Brandon Napoleon 0-0: Ball
1-0: Called Strike
1-1: Foul Ball, location: 2F
1-2: Foul Ball, location: 2F
1-2: Foul Ball, location: 2F
1-2: Ball
2-2: Fly out, F9 (Flyball, 9S)
Bottom of the 3rd over - 0 runs, 1 hit, 0 errors, 0 left on base; Mountain Pointe HS 5 - Oliver Ames HS 8
TOP OF THE 4TH
Mountain Pointe HS batting - Pitching for Oliver Ames HS Tigers : RHP Will Jones
Pitching: LHP Dustin Scott
Batting: RHB Bill Wells 0-0: Ball
1-0: Called Strike
1-1: SINGLE (Flyball, 8RS)
Batting: LHB Jesús Romero 0-0: Ball
1-0: Called Strike
1-1: Ball
2-1: Ball
3-1: Base on Balls
Bill Wells to second
Batting: RHB Vince Scovell 0-0: Ball
1-0: Ball
2-0: SINGLE (Groundball, 56D)
Bill Wells to third
Jesús Romero to second
Batting: LHB Jeff Turner 0-0: Ball
1-0: Ball
2-0: Called Strike
2-1: Ball
3-1: Foul Ball, location: 2F
3-2: Base on Balls
Bill Wells scores
Jesús Romero to third
Vince Scovell to second
Batting: LHB Benny Lawson 0-0: SINGLE (Groundball, 5D)
Jesús Romero scores
Vince Scovell to third
Jeff Turner to second
Batting: RHB Matt Lehman 0-0: Ball
1-0: Ball
Balk!
Vince Scovell scores
Jeff Turner to third
Benny Lawson to second
2-0: DOUBLE (Flyball, 89XD)
Jeff Turner scores
Benny Lawson scores
Pitching: RHP Del Mendía
Batting: RHB Reggie Snyder 0-0: Ball
1-0: Ball
2-0: Foul Ball, location: 2F
2-1: Foul Ball, location: 2F
2-2: Foul Ball, location: 2F
2-2: Fly out, F7 (Flyball, 78M)
Batting: SHB Zach Weaver 0-0: Called Strike
0-1: Foul Ball, location: 2F
0-2: Foul Ball, location: 2F
0-2: Ball
1-2: Ball
2-2: Strikes out swinging
Batting: SHB Jerry Vaughn 0-0: Ball
1-0: Ball
2-0: SINGLE (Line Drive, 9S)
Matt Lehman to third
Batting: RHB Bill Wells 0-0: Called Strike
0-1: Swinging Strike
0-2: Ground out 6-3 (Groundball, 6)
Top of the 4th over - 5 runs, 5 hits, 0 errors, 2 left on base; Mountain Pointe HS 10 - Oliver Ames HS 8
BOTTOM OF THE 4TH
Oliver Ames HS Tigers batting - Pitching for Mountain Pointe HS : LHP Mathew McLaughlin
Batting: RHB Culley Turner 0-0: Called Strike
0-1: Ball
1-1: Foul Ball, location: 2F
1-2: SOLO HOME RUN (Flyball, 7LD), Distance : 359 ft
Pitching: RHP Joe Henderson
Batting: RHB Kenny Miller 0-0: Called Strike
0-1: Ball
1-1: Ball
2-1: Ball
3-1: Fly out, F3 (Line Drive, 3L)
Batting: LHB Kevin Carter 0-0: Fly out, F8 (Flyball, 8RD)
Batting: LHB William Moody 0-0: Ball
1-0: Fly out, F7 (Flyball, 78S)
Bottom of the 4th over - 1 run, 1 hit, 0 errors, 0 left on base; Mountain Pointe HS 10 - Oliver Ames HS 9
TOP OF THE 5TH
Mountain Pointe HS batting - Pitching for Oliver Ames HS Tigers : RHP Del Mendía
Batting: LHB Jesús Romero 0-0: Ball
1-0: Ball
2-0: Fly out, F5 (Popup, 56)
Batting: RHB Vince Scovell 0-0: Ball
1-0: Called Strike
1-1: Swinging Strike
1-2: Ball
2-2: Foul Ball, location: 2F
2-2: Ball
3-2: Strikes out swinging
Batting: LHB Jeff Turner 0-0: SINGLE (Flyball, 9S) - OUT at second base trying to stretch hit.
Top of the 5th over - 0 runs, 1 hit, 0 errors, 0 left on base; Mountain Pointe HS 10 - Oliver Ames HS 9
BOTTOM OF THE 5TH
Oliver Ames HS Tigers batting - Pitching for Mountain Pointe HS : RHP Joe Henderson
Batting: RHB Will Hinkle 0-0: Ball
1-0: Called Strike
1-1: Foul Ball, location: 2F
1-2: Ball
2-2: Foul Ball, location: 2F
2-2: Foul Ball, location: 2F
2-2: Foul Ball, location: 2F
2-2: SOLO HOME RUN (Flyball, 78XD), Distance : 417 ft
Batting: RHB Marcos Llevanos 0-0: DOUBLE (Flyball, 8LXD)
Batting: RHB Will Hernández 0-0: Called Strike
0-1: Ball
1-1: Ball
2-1: SINGLE (Groundball, 6MD)
Marcos Llevanos to third
Batting: LHB Manny Martínez 0-0: Ball
1-0: Swinging Strike
1-1: Ball
2-1: Ball
3-1: Base on Balls
Will Hernández to second
Batting: LHB Brandon Napoleon 0-0: Called Strike
0-1: Ball
1-1: Foul Ball, location: 2F
1-2: Reached on error, E3 (Groundball, 34S)
Marcos Llevanos scores
Will Hernández to third
Manny Martínez to second
Batting: RHB Culley Turner 0-0: SINGLE (Groundball, 6MD)
Will Hernández scores
Manny Martínez to third
Brandon Napoleon to second
Batting: RHB Kenny Miller 0-0: Swinging Strike
0-1: Ball
1-1: Ball
2-1: Ball
3-1: Base on Balls
Manny Martínez scores
Brandon Napoleon to third
Culley Turner to second
Batting: LHB Kevin Carter 0-0: Ball
1-0: Swinging Strike
1-1: Ball
2-1: Called Strike
2-2: Ball
3-2: Foul Ball, location: 2F
3-2: Base on Balls
Brandon Napoleon scores
Culley Turner to third
Kenny Miller to second
Pitching: LHP Jeff Moore
Batting: LHB William Moody 0-0: Ball
1-0: Foul Ball, location: 2F
1-1: SINGLE (Groundball, 4D)
Culley Turner scores
Kenny Miller to third
Kevin Carter to second
Batting: RHB Will Hinkle 0-0: Ball
1-0: GRAND SLAM HOME RUN (Line Drive, 7D), Distance : 409 ft
Batting: RHB Marcos Llevanos 0-0: Ball
1-0: Called Strike
1-1: Ball
2-1: Swinging Strike
2-2: Ball
3-2: Ground out 4-3 (Groundball, 34D)
Batting: RHB Will Hernández 0-0: Called Strike
0-1: Called Strike
0-2: Ball
1-2: Reached on error, E3 (Groundball, 34)
Batting: LHB Manny Martínez 0-0: Ball
1-0: Ball
2-0: Fly out, F8 (Flyball, 8RM)
Batting: LHB Brandon Napoleon 0-0: Ball
1-0: Swinging Strike
1-1: Ball
2-1: Foul Ball, location: 2F
2-2: DOUBLE (Line Drive, 78D)
Will Hernández to third
Runner from 3rd tries for Home, SAFE, no throw
Batting: RHB Culley Turner 0-0: Ball
1-0: Ball
2-0: Ball
3-0: Base on Balls
Batting: RHB Kenny Miller 0-0: Ball
1-0: Called Strike
1-1: Ball
2-1: Called Strike
Brandon Napoleon steals 3rd base
2-2: Ball
3-2: Ground out 5-3 (Groundball, 25)
Bottom of the 5th over - 11 runs, 7 hits, 2 errors, 2 left on base; Mountain Pointe HS 10 - Oliver Ames HS 20
TOP OF THE 6TH
Mountain Pointe HS batting - Pitching for Oliver Ames HS Tigers : RHP Del Mendía
Batting: LHB Benny Lawson 0-0: Ball
1-0: Foul Ball, location: 2F
1-1: Ball
2-1: Fly out, F8 (Flyball, 78M)
Batting: RHB Matt Lehman 0-0: Called Strike
0-1: DOUBLE (Flyball, 8RXD)
Batting: RHB Reggie Snyder 0-0: Ball
1-0: Called Strike
1-1: Ball
2-1: Foul Ball, location: 2F
2-2: Fly out, F9 (Flyball, 9)
Batting: SHB Zach Weaver 0-0: Foul Ball, location: 2F
0-1: Foul Ball, location: 2F
0-2: Foul Ball, location: 2F
0-2: Ball
1-2: Hit by Pitch
Pinch Runner at 1st Thomas Barnes:
Batting: SHB Jerry Vaughn 0-0: Ball
1-0: Ball
2-0: Ball
3-0: Base on Balls
Matt Lehman to third
Thomas Barnes to second
Batting: RHB Bill Wells 0-0: Called Strike
0-1: Swinging Strike
0-2: Strikes out swinging
Top of the 6th over - 0 runs, 1 hit, 0 errors, 3 left on base; Mountain Pointe HS 10 - Oliver Ames HS 20
BOTTOM OF THE 6TH
Oliver Ames HS Tigers batting - Pitching for Mountain Pointe HS : LHP Jeff Moore
Now at 2B: Thomas Barnes
Batting: LHB Kevin Carter 0-0: DOUBLE (Line Drive, 78D)
Batting: LHB William Moody 0-0: Called Strike
0-1: Ball
1-1: Ball
2-1: Swinging Strike
2-2: DOUBLE (Line Drive, 78XD)
Kevin Carter scores
Pitching: RHP Rob Wright
Batting: RHB Will Hinkle 0-0: Ball
William Moody is caught stealing 3rd base
1-0: Ball
2-0: Called Strike
2-1: Called Strike
2-2: Ball
3-2: Base on Balls
Batting: RHB Marcos Llevanos 0-0: Called Strike
0-1: Swinging Strike
0-2: Ball
1-2: SINGLE (Groundball, 34D)
Will Hinkle to second
Throwing error, E9
Will Hinkle scores
Marcos Llevanos to second
Batting: RHB Will Hernández 0-0: Foul Ball, location: 2F
0-1: Called Strike
0-2: Ball
Wild Pitch!
Marcos Llevanos to third
1-2: Ball
2-2: Ball
3-2: Hit by Pitch
Batting: LHB Manny Martínez 0-0: Fielders Choice at 2nd, 3-6 (Groundball, 3)
Marcos Llevanos scores
Batting: LHB Brandon Napoleon 0-0: Ball
1-0: Ball
2-0: Foul Ball, location: 2F
2-1: Swinging Strike
2-2: Foul Ball, location: 2F
2-2: Fly out, F9 (Flyball, 9S)
Bottom of the 6th over - 3 runs, 3 hits, 1 error, 1 left on base; Mountain Pointe HS 10 - Oliver Ames HS 23
TOP OF THE 7TH
Mountain Pointe HS batting - Pitching for Oliver Ames HS Tigers : RHP Del Mendía
Pitching: RHP Herman Watson
Pinch Hitting: SHB Larry Brantley 0-0: Ball
1-0: Called Strike
1-1: Ball
2-1: Foul Ball, location: 2F
2-2: Fly out, F6 (Popup, 6D)
Batting: RHB Vince Scovell 0-0: Ball
1-0: Foul Ball, location: 2F
1-1: SINGLE (Line Drive, 6MD)
Batting: LHB Jeff Turner 0-0: Ball
1-0: Ground out 3-1 (Groundball, 34S)
Vince Scovell to second
Batting: LHB Benny Lawson 0-0: Ball
1-0: Ball
Wild Pitch!
Vince Scovell to third
2-0: Ball
Wild Pitch!
Vince Scovell scores
3-0: Base on Balls
Batting: RHB Matt Lehman 0-0: Ground out 6-3 (Groundball, 56)
Top of the 7th over - 1 run, 1 hit, 0 errors, 1 left on base; Mountain Pointe HS 11 - Oliver Ames HS 23
BOTTOM OF THE 7TH
Oliver Ames HS Tigers batting - Pitching for Mountain Pointe HS : RHP Rob Wright
Now in RF: Larry Brantley
Batting: RHB Culley Turner 0-0: Foul Ball, location: 2F
0-1: SINGLE (Line Drive, 7S)
Batting: RHB Kenny Miller 0-0: Ball
1-0: Called Strike
1-1: Called Strike
1-2: Fly out, F8 (Flyball, 8RS)
Batting: LHB Kevin Carter 0-0: Ball
1-0: Foul Ball, location: 2F
1-1: Foul Ball, location: 2F
1-2: Foul Ball, location: 2F
1-2: Foul Ball, location: 2F
1-2: Ball
2-2: Ball
3-2: Base on Balls
Culley Turner to second
Batting: LHB William Moody 0-0: Called Strike
0-1: DOUBLE (Flyball, 8LXD)
Culley Turner scores
Kevin Carter to third
Runner from 3rd tries for Home, SAFE, no throw
Batting: RHB Will Hinkle 0-0: Ball
William Moody steals 3rd base
1-0: Ball
2-0: Foul Ball, location: 2F
2-1: SINGLE (Flyball, 3D)
William Moody scores
Batting: RHB Marcos Llevanos 0-0: Ball
1-0: Foul Ball, location: 2F
1-1: Foul Ball, location: 2F
1-2: Foul Ball, location: 2F
1-2: SINGLE (Line Drive, 7S)
Will Hinkle to second
Batting: RHB Will Hernández 0-0: Called Strike
0-1: Ball
1-1: Foul Ball, location: 2F
1-2: Foul Ball, location: 2F
1-2: SINGLE (Flyball, 8LS)
Will Hinkle to third
Marcos Llevanos to second
Batting: LHB Manny Martínez 0-0: SINGLE (Line Drive, 4M)
Will Hinkle scores
Marcos Llevanos to third
Will Hernández to second
Batting: LHB Brandon Napoleon 0-0: Called Strike
0-1: Foul Ball, location: 2F
0-2: Strikes out looking
Batting: RHB Culley Turner 0-0: Ball
1-0: Swinging Strike
1-1: Fielders Choice at 2nd, 6-4 (Groundball, 6)
Bottom of the 7th over - 4 runs, 6 hits, 0 errors, 3 left on base; Mountain Pointe HS 11 - Oliver Ames HS 27
TOP OF THE 8TH
Mountain Pointe HS batting - Pitching for Oliver Ames HS Tigers : RHP Herman Watson
Batting: RHB Reggie Snyder 0-0: Ball
1-0: Fly out, F7 (Flyball, 7D)
Batting: SHB Thomas Barnes 0-0: Ball
1-0: Single, Error in OF, E8, batter to second base
Batting: SHB Jerry Vaughn 0-0: Ball
1-0: Ball
2-0: Called Strike
2-1: SINGLE (Groundball, 34S) (infield hit)
Thomas Barnes to third
Batting: RHB Bill Wells 0-0: Ball
1-0: Foul Ball, location: 2F
1-1: Ball
2-1: SINGLE (Flyball, 9S)
Thomas Barnes scores
Jerry Vaughn to second
Runner from 2nd tries for 3rd, SAFE, no throw
Batting: SHB Larry Brantley 0-0: Ball
1-0: Ball
2-0: Fly out, F7 (Flyball, 7D)
Runner from 3rd tags up, SCORES, throw made
Batting: RHB Vince Scovell 0-0: Foul Ball, location: 2F
0-1: SINGLE (Groundball, 6MD)
Bill Wells to second
Runner from 2nd tries for 3rd, OUT after rundown.
Top of the 8th over - 2 runs, 4 hits, 1 error, 1 left on base; Mountain Pointe HS 13 - Oliver Ames HS 27
BOTTOM OF THE 8TH
Oliver Ames HS Tigers batting - Pitching for Mountain Pointe HS : RHP Rob Wright
Pitching: RHP Preston Fisher
Batting: RHB Kenny Miller 0-0: Called Strike
0-1: Called Strike
0-2: Ball
1-2: Ball
2-2: Ball
3-2: Base on Balls
Batting: LHB Kevin Carter 0-0: Ball
1-0: Ball
2-0: Ball
3-0: Base on Balls
Kenny Miller to second
Batting: LHB William Moody 0-0: Ball
1-0: Ball
2-0: Ball
3-0: Called Strike
3-1: Base on Balls
Kenny Miller to third
Kevin Carter to second
Batting: RHB Will Hinkle 0-0: Ball
1-0: Ball
2-0: Ball
3-0: Base on Balls
Kenny Miller scores
Kevin Carter to third
William Moody to second
Batting: RHB Marcos Llevanos 0-0: SINGLE (Line Drive, 8LS)
Kevin Carter scores
William Moody to third
Will Hinkle to second
Batting: RHB Will Hernández 0-0: Ball
1-0: Ball
2-0: Called Strike
2-1: Swinging Strike
2-2: Ball
3-2: Base on Balls
William Moody scores
Will Hinkle to third
Marcos Llevanos to second
Batting: LHB Manny Martínez 0-0: Ball
1-0: Ball
2-0: SINGLE (Flyball, 8RS)
Will Hinkle scores
Marcos Llevanos to third
Will Hernández to second
Pitching: RHP Vicente Correa
Batting: LHB Brandon Napoleon 0-0: Swinging Strike
0-1: Ball
1-1: Ball
2-1: Fly out, F8 (Flyball, 8RM)
Runner from 3rd tags up, SCORES, throw made
Batting: RHB Culley Turner 0-0: Ball
1-0: Ball
2-0: Called Strike
2-1: Ball
3-1: Called Strike
3-2: Foul Ball, location: 2F
3-2: Base on Balls
Will Hernández to third
Manny Martínez to second
Batting: RHB Kenny Miller 0-0: Ball
1-0: Ball
2-0: Ball
3-0: Called Strike
3-1: Fly out, F9 (Flyball, 9D)
Runner from 3rd tags up, SCORES, throw made
Batting: LHB Kevin Carter 0-0: Called Strike
0-1: Ball
1-1: Ball
2-1: Ball
3-1: Base on Balls
Manny Martínez to third
Culley Turner to second
Batting: LHB William Moody 0-0: Swinging Strike
0-1: Ball
1-1: Ball
2-1: Foul Ball, location: 2F
2-2: Ball
3-2: Fly out, F7 (Line Drive, 7LM)
Bottom of the 8th over - 6 runs, 2 hits, 0 errors, 3 left on base; Mountain Pointe HS 13 - Oliver Ames HS 33
TOP OF THE 9TH
Mountain Pointe HS batting - Pitching for Oliver Ames HS Tigers : RHP Herman Watson
Batting: LHB Jeff Turner 0-0: Ball
1-0: Called Strike
1-1: Called Strike
1-2: Strikes out swinging
Batting: LHB Benny Lawson 0-0: Foul Ball, location: 2F
0-1: Ball
1-1: Swinging Strike
1-2: Ball
2-2: Ball
3-2: Base on Balls
Batting: RHB Matt Lehman 0-0: Ball
1-0: Single, Error in OF, E8, batter to second base
Benny Lawson to third
Batting: RHB Reggie Snyder 0-0: Called Strike
0-1: Ball
1-1: Ball
2-1: Ball
3-1: Called Strike
3-2: Strikes out swinging wild pitch, reaches first!
Benny Lawson scores
Matt Lehman to third
Batting: SHB Thomas Barnes 0-0: Ball
1-0: Swinging Strike
1-1: Foul Ball, location: 2F
1-2: Fly out, F9 (Flyball, 9)
Runner from 3rd tags up, SCORES, no throw
Batting: SHB Jerry Vaughn 0-0: Called Strike
0-1: Foul Ball, location: 2F
0-2: Foul Ball, location: 2F
0-2: SINGLE (Groundball, 4MD)
Reggie Snyder to second
Batting: RHB Bill Wells 0-0: Ball
1-0: Foul Ball, location: 2F
1-1: Ball
2-1: Ball
3-1: Called Strike
3-2: Base on Balls
Reggie Snyder to third
Jerry Vaughn to second
Batting: SHB Larry Brantley 0-0: Ball
1-0: SINGLE (Line Drive, 3D)
Reggie Snyder scores
Jerry Vaughn to third
Bill Wells to second
Batting: RHB Vince Scovell 0-0: Called Strike
0-1: Foul Ball, location: 2F
0-2: Foul Ball, location: 2F
0-2: Ball
1-2: Ball
2-2: Ball
3-2: Reached on error, E6 (Groundball, 6)
Jerry Vaughn scores
Bill Wells to third
Larry Brantley to second
Batting: LHB Jeff Turner 0-0: Ball
1-0: Ball
2-0: Ball
3-0: Base on Balls
Bill Wells scores
Larry Brantley to third
Vince Scovell to second
Batting: LHB Benny Lawson 0-0: Called Strike
0-1: Ball
1-1: Swinging Strike
1-2: Fly out, F8 (Flyball, 8RS)
Top of the 9th over - 5 runs, 3 hits, 2 errors, 3 left on base; Mountain Pointe HS 18 - Oliver Ames HS 33
Saturday, December 16th, 2017 - OOTP Baseball 18.8 Build 76